 Dungeon Crawl Stone Soup version 0.19-a0-1692-g68728bb (webtiles) character file.

56 Flanowski the Insei (level 3, 0/18 HPs)
             Began as a Vine Stalker Transmuter on Sept 26, 2016.
             Succumbed to an adder's poison
             ... on level 3 of the Dungeon.
             The game lasted 00:02:04 (1229 turns).

Flanowski the Insei (Vine Stalker Transmuter)       Turns: 1229, Time: 00:02:05

Health: 0/18       AC:  3    Str: 12    XL:     3   Next: 95%
Magic:  8/8        EV: 12    Int: 13    God:
Gold:   124        SH:  0    Dex: 15    Spells: 1 memorised, 6 levels left

rFire  . . .     SeeInvis .       - Unarmed
rCold  . . .     Gourm    .     b - +0 robe
rNeg   . . .     Faith    .     (no shield)
rPois  .         Spirit   +     (no helmet)
rElec  .         Dismiss  .     (no cloak)
rCorr  .         Reflect  .     (no gloves)
MR     .....     Harm     .     (no boots)
Stlth  +.........               (no amulet)
                                (no ring)
                                (no ring)

@: lethally poisoned (0 -> -1)
A: fangs 2, magic shield, antimagic bite, no device heal 3, rot immunity
a: no special abilities


You were on level 3 of the Dungeon.
You were hungry.

You visited 1 branch of the dungeon, and saw 3 of its levels.

You collected 124 gold pieces.

Inventory:

Missiles
 a - 65 arrows
Armour
 b - a +0 robe (worn)
Jewellery
 h - an uncursed ring of positive energy {unknown}
Scrolls
 e - 2 scrolls of magic mapping {unknown}
 f - a scroll of amnesia {unknown}
 j - a scroll of recharging {unknown}
Books
 c - a book of Changes

   Spells                             Type                      Level
   a - Beastly Appendage              Transmutation                1
   b - Sticks to Snakes               Transmutation                2
   c - Spider Form                    Transmutation/Poison         3
   d - Ice Form                       Ice/Transmutation            4
   e - Blade Hands                    Transmutation                5
Comestibles
 d - a bread ration
 g - a beef jerky
 i - a meat ration


   Skills:
 + Level 1.1 Fighting
 + Level 1.7 Dodging
 + Level 3.7 Unarmed Combat
 + Level 2.7 Spellcasting
 * Level 2.7 Transmutations


You had 6 spell levels left.
You knew the following spells:

 Your Spells              Type           Power        Failure   Level  Hunger
a - Beastly Appendage     Tmut           #.....       10%         1    #......


Dungeon Overview and Level Annotations

Branches:
Dungeon (3/15)

Altars:
Elyvilon
Ru
Trog
Xom


Innate Abilities, Weirdness & Mutations

You have extremely sharp teeth.
When hurt, damage is shared between your health and your magic reserves.
Your bite disrupts and absorbs the magic of your enemies.
Potions and wands cannot restore your health.
You are immune to rotting.


Message History

* * * LOW HITPOINT WARNING * * *
You feel sick.
You see here 11 gold pieces.
* * * LOW HITPOINT WARNING * * *
You feel sick.
You are feeling hungry.
You see here 11 gold pieces.
You see here 11 gold pieces.
* * * LOW HITPOINT WARNING * * *
You feel sick.
You see here 11 gold pieces.
You see here 11 gold pieces.
* * * LOW HITPOINT WARNING * * *
You feel sick.
You see here 11 gold pieces.
You see here 11 gold pieces.
* * * LOW HITPOINT WARNING * * *
You feel sick.
You see here 11 gold pieces.
You die...

#..# #.
#..#####
..##..#...##
..........##
#.....>...#
#........#
#........#
#@#.....##
#..<.....#
####........#
#...$.......#
#....#.....##
#....##...##
#...#######
#... ####


There were no monsters in sight!

Vanquished Creatures
  2 adders
  A dart slug (D:1)
  A leopard gecko (D:2)
  6 bats
  3 giant cockroaches (D:2)
  7 goblins
  4 hobgoblins
  2 kobolds (D:2)
  7 rats
33 creatures vanquished.

Vanquished Creatures (others)
  5 toadstools (D:1)
5 creatures vanquished.

Grand Total: 38 creatures vanquished

Notes
Turn   | Place    | Note
-------+----------+-------------------------------------------
     0 | D:1      | Flanowski the Vine Stalker Transmuter began the quest for the Orb.
     0 | D:1      | Reached XP level 1. HP: 9/9 MP: 4/4
    54 | D:1      | Reached skill level 1 in Fighting
   133 | D:1      | Reached XP level 2. HP: 8/14 MP: 4/6
   356 | D:2      | Found a shimmering altar of Xom.
   370 | D:2      | Reached XP level 3. HP: 17/18 MP: 7/7
   439 | D:2      | Found a white marble altar of Elyvilon.
   671 | D:2      | Found a sacrificial altar of Ru.
  1028 | D:2      | Found a bloodstained altar of Trog.
  1229 | D:3      | Succumbed to an adder's poison

Vault maps used:
D:1:      ldierk_walled_garden, hangedman_decor_peaks_small
D:2:      nicolae_overflow_crystal_walls, elyvilon_altar_4, minitemple
D:3:      nicolae_dithmenos_shadow_blocks, serial_glass, glass_columns_b,
          glass_columns_c

Skill      XL: |  1 |
---------------+----+-----
Fighting       | 1 |  1.1
Dodging        | |  1.7
Unarmed Combat | |  3.7
Spellcasting   | |  2.7
Transmutations | |  2.7

Action                   || total
-------------------------++-------
Melee: Unarmed           ||    94
       Bite              ||    17
       Headbutt          ||     3
       Kick              ||     6
 Cast: Beastly Appendage ||    23
 Stab: Sleeping          ||     1
  Eat: Chunk             ||     1
Armor: Robe              ||    29
Dodge: Dodged            ||    71
